 Dungeon Crawl Stone Soup version 0.22-a0-42-g002c468 (webtiles) character file.

81 shenanigans the Firebug (level 4, 22/37 HPs)
             Began as a Hill Orc Fire Elementalist on Jan 6, 2018.
             Quit the game on level 1 of the Dungeon.
             The game lasted 00:07:25 (3616 turns).

shenanigans the Firebug (HOFE)                      Turns: 3616, Time: 00:07:26

Health: 22/37      AC:  3    Str: 10    XL:     4   Next: 40%
Magic:  3/6        EV: 12    Int: 15    God:
Gold:   86         SH:  0    Dex: 12    Spells: 5/6 levels left

rFire    . . .     SeeInvis .   (no weapon)
rCold    . . .     Gourm    .   (no shield)
rNeg     . . .     Faith    .   a - +0 robe
rPois    .         Spirit   .   (no helmet)
rElec    .         Reflect  .   (no cloak)
rCorr    .         Harm     .   (no gloves)
MR       .....                  n - +0 pair of boots (curse)
Stlth    ++........             (no amulet)
HPRegen  0.12/turn              (no ring)
MPRegen  0.10/turn              (no ring)

@: no status effects
A: no striking features
a: no special abilities


You were on level 1 of the Dungeon.
You were hungry.

You visited 1 branch of the dungeon, and saw 2 of its levels.

You collected 86 gold pieces.

Inventory:

Armour
 a - a +0 robe (worn)
 n - a cursed +0 pair of boots (worn)
Scrolls
 e - 3 scrolls of identify {unknown}
 g - a scroll of teleportation {unknown}
 m - a scroll of remove curse {unknown}
Potions
 d - 3 potions of agility {unknown}
 f - 2 potions of mutation {unknown}
 h - a potion of curing {unknown}
 i - a potion of degeneration {unknown}
 k - a potion of resistance {unknown}
 l - a potion of might {unknown}
Books
 b - a book of Flames

   Spells                             Type                      Level
   a - Flame Tongue                   Conjuration/Fire             1
   b - Throw Flame                    Conjuration/Fire             2
   c - Conjure Flame                  Conjuration/Fire             3
   d - Inner Flame                    Hexes/Fire                   3
   e - Sticky Flame                   Conjuration/Fire             4
   f - Fireball                       Conjuration/Fire             5
Comestibles
 c - 4 rations


   Skills:
 + Level 2.4 Fighting
 + Level 2.2 Armour
 + Level 2.5 Dodging
 - Level 1.5 Stealth
 - Level 1.5 Spellcasting
 - Level 1.0 Conjurations
 - Level 3.2 Fire Magic


You had 5 spell levels left.
You knew the following spells:

 Your Spells              Type           Power        Failure   Level  Hunger
a - Flame Tongue          Conj/Fire      #....        10%         1    ##.....


Dungeon Overview and Level Annotations

Branches:
Dungeon (2/15)

Altars:
Makhleb
Trog

Annotations:
D:2 Robin


Message History

Aim: a goblin, wielding a dagger (unusually strong)
The flame tongue misses the goblin.
The goblin closely misses you.
Casting: Flame Tongue
Confirm with . or Enter, or press ? or * to list all spells.
Aiming: Flame Tongue
Press: ? - help, Shift-Dir - straight line, f/p - goblin
Aim: a goblin, wielding a dagger (unusually strong)
The flame tongue hits the goblin.
You kill the goblin!
Casting: Flame Tongue
Confirm with . or Enter, or press ? or * to list all spells.
You can't see any susceptible monsters within range! (Use Z to cast anyway.) Unknown command.
Things that are here:
a dagger; a hunting sling; 18 stones You start putting on your armour.
You continue putting on your pair of embroidered boots. x4
You finish putting on your cursed +0 pair of boots.
Oops, that feels deathly cold.
Are you sure you want to abandon this character and quit the game? (Confirm with "yes".)

#.# #.#...## #.#
#.##.## #.#
#.##.# ######
#.# #.##.#
.....# #.#
#.##.# ####.#
#.# ##### #.##.#
#.#
#.###...###.##.#
#.#
#....###.##.##.#
#.# ######@##
##.#.##.##
#.######.....>#
#...#...##
#........####.##
##.##...#.#
#########.##
##.###.###..#.##
#..........#
##...## #.#.##
#.#######)##
##.## #.### #.#
#.#######.## #.#
#.# #..........#
#.# #.#
#..........# #.#


There were no monsters in sight!

Vanquished Creatures
  A hound (D:2)
  2 worms (D:2)
  A leopard gecko (D:1)
  2 giant cockroaches (D:1)
  6 goblins
  5 hobgoblins (D:2)
  5 kobolds
  A quokka (D:1)
  5 bats
  7 frilled lizards
  10 rats
45 creatures vanquished.

Notes
Turn   | Place    | Note
-------+----------+-------------------------------------------
     0 | D:1      | shenanigans the Hill Orc Fire Elementalist began the quest for the Orb.
     0 | D:1      | Reached XP level 1. HP: 14/14 MP: 3/3
   568 | D:1      | Reached XP level 2. HP: 22/22 MP: 1/4
   743 | D:1      | Reached skill level 1 in Fighting
   810 | D:1      | Reached skill level 1 in Armour
  1568 | D:1      | Reached XP level 3. HP: 27/28 MP: 2/5
  1929 | D:2      | Found a bloodstained altar of Trog.
  2604 | D:2      | HP: 1/29 [worm (2)]
  3022 | D:2      | Reached XP level 4. HP: 37/37 MP: 0/6
  3356 | D:2      | Found a burning altar of Makhleb.
  3514 | D:2      | Noticed Robin
  3616 | D:1      | Quit the game

Vault maps used:
D:1:      onia_arrival_larder
D:2:      makhleb_blood_cavern_becter, bloody_trog, st_stairs_1, uniq_robin

Skill      XL: |  1  2  3 |
---------------+----------+-----
Fighting       | 1 2 |  2.4
Armour         | 1 2 |  2.2
Dodging        | 2 |  2.5
Stealth        | |  1.5
Spellcasting   | |  1.5
Conjurations   | |  1.0
Fire Magic     | |  3.2

Action                   |  1- 3 |  4- 6 || total
-------------------------+-------+-------++-------
Melee: Unarmed           |    41 |     3 ||    44
 Cast: Flame Tongue      |    78 |    21 ||    99
 Stab: Sleeping          |     2 |       ||     2
  Eat: Chunk             |     5 |     2 ||     7
       Ration            |     1 |       ||     1
Armor: Robe              |    24 |     2 ||    26
Dodge: Dodged            |    62 |    16 ||    78

Table legend:
 A = Spawn XP
 B = Non-spawn XP
 C = Spawn XP percentage of total XP
 D = Spawn monster count
 E = Non-spawn monster count
 F = Spawn count percentage of total count
 G = Total turns spent on level
                    A         B        C        D         E        F      G
               +---------+---------+-------+---------+---------+-------+---------
         Total |       0 |     116 |   0.0 |       0 |      45 |   0.0 |  3616
               +---------+---------+-------+---------+---------+-------+---------
           D:1 |       0 |      37 |   0.0 |       0 |      25 |   0.0 |  2373
           D:2 |       0 |      79 |   0.0 |       0 |      20 |   0.0 |  1243
               +---------+---------+-------+---------+---------+-------+---------
